 Dungeon Crawl Stone Soup version 0.25.0-11-g1f837a76a1 (webtiles) character file.

Game seed: 1392093153275278556

109 sosloow the Chopper (level 4, -9/40 HPs)
             Began as a Hill Orc Monk on June 27, 2020.
             Mangled by an iguana (15 damage)
             ... on level 4 of the Dungeon.
             The game lasted 00:04:30 (3786 turns).

sosloow the Chopper (Hill Orc Monk)                 Turns: 3786, Time: 00:04:30

Health: -9/40      AC:  3    Str: 14    XL:     4   Next: 89%
Magic:  4/4        EV: 13    Int: 10    God:
Gold:   170        SH:  0    Dex: 13    Spells: 3/3 levels left

rFire    . . .     SeeInvis .   a - +0 hand axe
rCold    . . .     Gourm    .   (no shield)
rNeg     . . .     Faith    .   b - +0 robe
rPois    .         Spirit   .   (no helmet)
rElec    .         Reflect  .   m - +0 cloak
rCorr    .         Harm     .   (no gloves)
MR       .....                  (no boots)
Stlth    ++........             (no amulet)
HPRegen  0.13/turn              (no ring)
MPRegen  0.09/turn              (no ring)

@: mighty, brilliant
A: no striking features
a: no special abilities


You were on level 4 of the Dungeon.
You were hungry.

You visited 1 branch of the dungeon, and saw 4 of its levels.

You collected 170 gold pieces.

Inventory:

Hand Weapons
 a - a +0 hand axe (weapon)
Armour
 b - a +0 robe (worn)
 m - a +0 cloak (worn)
 o - a +0 chain mail
Jewellery
 h - an uncursed ring of wizardry {unknown}
Wands
 t - a wand of digging (7)
Scrolls
 e - a scroll of magic mapping {unknown}
 f - a scroll of teleportation {unknown}
 j - 3 scrolls of identify {unknown}
 k - 3 scrolls of immolation {unknown}
 l - a scroll of fog {unknown}
 p - 4 scrolls of remove curse {unknown}
 r - 2 scrolls of enchant weapon {unknown}
Potions
 g - a potion of flight {unknown}
 i - a potion of haste {unknown}
 q - a potion of degeneration {unknown}
 s - a potion of curing {unknown}
 u - a potion of stabbing {unknown}
 v - a potion of resistance {unknown}
Comestibles
 c - 10 rations


   Skills:
 - Level 4.0 Fighting
 + Level 5.7 Axes
 + Level 3.0 Armour
 - Level 2.4 Dodging
 - Level 1.5 Stealth


You had 3 spell levels left.
You didn't know any spells.
Your spell library was empty.

Dungeon Overview and Level Annotations

Branches:
Dungeon (4/15)
 Temple: D:4-7

Altars:
Nemelex Xobeh
Ru

Annotations:
D:3 3 runed translucent doors, RandomHacker's ghost, amateur GnWn


Message History

You feel very mighty all of a sudden. The iguana misses you.
You barely miss the iguana.
The iguana is lightly wounded.
The iguana bites you!
* * * LOW HITPOINT WARNING * * *
It was a potion of brilliance.
You feel clever all of a sudden. The iguana barely misses you.
You slash the iguana!
The iguana is severely wounded.
The iguana barely misses you.
You closely miss the iguana.
The iguana is severely wounded.
The iguana bites you.
* * * LOW HITPOINT WARNING * * *
You hit the iguana but do no damage.
The iguana is severely wounded.
The iguana bites you!
You die...

##.# # #..#
#. #..# #.#
#..# #..#
##..
#...##..#
#......#
#......#
##...l@.#
.........##
......##..##
....##
###.## ##.
##<## #
##.## ##.#
#.# ###


You could see an iguana.

Vanquished Creatures
  3 gnolls
  An adder (D:3)
  An ooze (D:3)
  2 worms (D:3)
  2 dart slugs (D:1)
  5 leopard geckos
  An orc (D:3)
  2 bats
  2 giant cockroaches
  10 goblins
  8 hobgoblins
  7 kobolds
  2 frilled lizards
  6 rats
52 creatures vanquished.

Notes
Turn   | Place    | Note
-------+----------+-------------------------------------------
     0 | D:1      | sosloow the Hill Orc Monk began the quest for the Orb.
     0 | D:1      | Reached XP level 1. HP: 19/19 MP: 1/1
    94 | D:1      | Reached XP level 2. HP: 8/27 MP: 2/2
   431 | D:1      | Reached skill level 1 in Armour
  1157 | D:2      | Found a sacrificial altar of Ru.
  1376 | D:2      | Reached XP level 3. HP: 33/33 MP: 3/3
  2045 | D:3      | Reached skill level 5 in Axes
  2060 | D:3      | Noticed RandomHacker's ghost (amateur GnWn)
  2068 | D:3      | Found a runed translucent gate.
  2068 | D:3      | Found a runed translucent gate.
  2120 | D:2      | Reached XP level 4. HP: 10/40 MP: 4/4
  3400 | D:3      | Found a sparkling altar of Nemelex Xobeh.
  3513 | D:3      | Found a runed translucent gate.
  3786 | D:4      | Mangled by an iguana

Illustrated notes

Levels and vault maps discovered:
D:1:      zaba_arrival_water, layout_loops_corners, minmay_distorted
D:2:      layout_basic, nicolae_ru_path_of_blood
D:3:      layout_loops_ring, lemuel_round_altar, gammafunk_ghost_split
D:4:      layout_layer_cave, first_ration, cheibriados_altar_1

Skill      XL: |  1  2  3  4 |
---------------+-------------+-----
Fighting       | 4 |  4.0
Armour         | 1 2 3 |  3.0
Axes           | 5 |  5.7
Dodging        | |  2.4
Stealth        | |  1.5

Action                   |  1- 3 |  4- 6 || total
-------------------------+-------+-------++-------
Melee: Hand axe          |   104 |    80 ||   184
  Use: Potion            |       |     2 ||     2
 Stab: Sleeping          |     2 |     3 ||     5
  Eat: Chunk             |     1 |     4 ||     5
       Ration            |     1 |       ||     1
Armor: Robe              |    12 |     9 ||    21
Dodge: Dodged            |    65 |    42 ||   107
